 Dungeon Crawl Stone Soup version 0.26-a0-710-g95a0c6c400 (webtiles) character file.

Game seed: 12996508241667496382

98 ringo67 the Grave Robber (level 4, -1/33 HPs)
             Began as a Mummy Necromancer on Oct 30, 2020.
             Slain by an orc priest
             ... wielding a +0 war axe
              (4 damage)
             ... on level 3 of the Dungeon.
             The game lasted 00:09:31 (2618 turns).

ringo67 the Grave Robber (Mummy Necromancer)        Turns: 2618, Time: 00:09:32

Health: -1/33      AC:  2    Str: 11    XL:     4   Next: 44%
Magic:  0/9        EV: 12    Int: 15    God:
Gold:   96         SH:  0    Dex: 12    Spells: 5/10 levels left

rFire    x . .     SeeInvis .   d - +2 short sword (speed)
rCold    + . .     Faith    .   (no shield)
rNeg     + + +     Spirit   .   a - +0 robe
rPois    ∞         Reflect  .   (no helmet)
rElec    .         Harm     .   (no cloak)
rCorr    .         Rampage  .   (no gloves)
MR       .....                  (no boots)
Stlth    ++........             k - amulet of the acrobat
HPRegen  0.11/turn              (no ring)
MPRegen  0.11/turn              (no ring)

@: no status effects
A: no potions, fire vulnerability, cold resistance 1, negative energy resistance
3, torment resistance, unbreathing
a: no special abilities


You were on level 3 of the Dungeon.
You visited 1 branch of the dungeon, and saw 3 of its levels.

You collected 96 gold pieces.

Inventory:

Hand Weapons
 b - a +0 dagger
 d - a +2 short sword of speed (weapon)
Missiles
 h - 10 poisoned darts (quivered)
Armour
 a - a +0 robe (worn)
Jewellery
 k - an amulet of the acrobat (around neck)
Wands
 l - a wand of acid (7)
Scrolls
 c - 3 scrolls of identify {unknown}
 e - a scroll of blinking {unknown}
 f - a scroll of teleportation {unknown}
 g - a scroll of remove curse {unknown}
 i - a scroll of enchant armour {unknown}
 j - a scroll of amnesia {unknown}


   Skills:
 + Level 1.8 Fighting
 - Level 1.5 Dodging
 - Level 1.5 Stealth
 + Level 3.7 Spellcasting
 * Level 5.1 Necromancy


You had 5 spell levels left.
You knew the following spells:

 Your Spells              Type           Power        Failure   Level
a - Pain                  Necr           ###.         2%          1
b - Animate Skeleton      Necr           ###...       2%          1
c - Vampiric Draining     Necr           ###.......   7%          3

Your spell library contained the following spells:

 Spells                   Type           Power        Failure   Level
 Animate Dead             Necr           ###.......   22%         4
 Agony                    Necr           ###.....     54%         5


Dungeon Overview and Level Annotations

Branches:
Dungeon (3/15)

Altars:
Gozag

Annotations:
D:2 exclusion: sky beast


Innate Abilities, Weirdness & Mutations

You do not drink.
Your flesh is vulnerable to fire.
You are immune to poison.
Your flesh is cold resistant. (rC+)
You are immune to negative energy. (rN+++)
You are immune to unholy pain and torment.
You can survive without breathing.


Message History

Press: ? - help, Shift-Dir - straight line, f/p - orc priest
Aim: an orc priest, wielding a +0 war axe and wearing a +0 ring mail (severely wounded, chance to defeat MR: 78%)
The orc priest barely resists.
The orc priest splashes around in the water.
You hit the orc priest but do no damage.
The orc priest is severely wounded.
Your magical contamination has completely faded away.
You barely miss the orc priest.
The orc priest is severely wounded.
The orc priest hits you with a +0 war axe.
* * * LOW HITPOINT WARNING * * *
You barely miss the orc priest.
The orc priest is severely wounded.
You barely miss the orc priest.
The orc priest is severely wounded.
The orc priest closely misses you.
You hit the orc priest but do no damage.
The orc priest is severely wounded.
The orc priest hits you with a +0 war axe.
You die...

..≈≈$.$8.<..(..≈≈...###
..≈≈≈..≈≈.8.≈≈.≈##≈.......
..≈≈≈≈≈≈≈≈≈≈≈≈≈≈#≈≈..#.##.
.###≈≈≈≈≈≈≈≈#≈≈≈≈≈≈#..#.#
#.≈≈#≈≈≈≈≈≈≈#≈≈....# #
#≈≈≈≈≈≈≈≈≈≈≈≈≈....#.##
##≈≈≈≈≈≈≈≈≈≈#........#
##.≈≈≈≈≈≈o.##.##.#..#
#...≈≈.≈≈#@.#.......#
###....###..#.##.....
##o#####..)....##.#
##.....>!....).....#
#......####.########
#...........#
#........^......#
....###.#.##.####.# .#
#o#.##.# #.#


You could see an orc priest.

Vanquished Creatures
  2 adders (D:3)
  An ooze (D:2)
  10 dart slugs (D:3)
  5 orcs (D:3)
  7 bats
  A giant cockroach (D:2)
  4 goblins
  6 hobgoblins
  A quokka (D:2)
  2 ball pythons (D:2)
  3 frilled lizards
  6 kobolds
  6 rats
54 creatures vanquished.

Notes
Turn   | Place    | Note
-------+----------+-------------------------------------------
     0 | D:1      | ringo67 the Mummy Necromancer began the quest for the Orb.
     0 | D:1      | Reached XP level 1. HP: 13/13 MP: 4/4
     2 | D:1      | Learned a level 1 spell: Animate Skeleton
   321 | D:1      | Reached XP level 2. HP: 20/20 MP: 3/5
   971 | D:2      | Reached skill level 1 in Fighting
  1291 | D:2      | Reached XP level 3. HP: 26/26 MP: 4/7
  1325 | D:2      | Found an opulent altar of Gozag.
  1425 | D:2      | Noticed a sky beast
  1939 | D:3      | Learned a level 3 spell: Vampiric Draining
  2212 | D:3      | Reached XP level 4. HP: 32/32 MP: 3/9
  2329 | D:3      | Reached skill level 5 in Necromancy
  2618 | D:3      | Slain by an orc priest

Illustrated notes

Levels and vault maps discovered:
D:1:      scummos_arrival_gate, layout_basic, chequers_serial_rivers_micro_c
D:2:      layout_loops_ring, grunt_gozag_statues
D:3:      kennysheep_slugbush, layout_loops_cross, small_statue_intersection,
          minmay_misc_feat_ornament

Skill      XL: |  1  2  3  4 |
---------------+-------------+-----
Spellcasting   | 3 |  3.7
Fighting       | 1 |  1.8
Necromancy     | 5 |  5.1
Dodging        | |  1.5
Stealth        | |  1.5

Action                   |  1- 3 |  4- 6 || total
-------------------------+-------+-------++-------
Melee: Short sword       |    25 |    12 ||    37
 Cast: Pain              |    72 |    31 ||   103
       Animate Skeleton  |     2 |       ||     2
 Stab: Sleeping          |     2 |       ||     2
Armor: Robe              |     4 |       ||     4
Dodge: Dodged            |    24 |     5 ||    29

Table legend: (Time is in decaauts)
 A = Elapsed time spent in this place.
 B = Non-inter-level travel time spent in this place.
 C = Inter-level travel time spent in this place.
 D = Time resting spent in this place.
 E = Time spent auto-exploring this place.
 F = Levels seen in this place.
 G = Mean time per level.
                   A        B        C        D        E       F      G
               +--------+--------+--------+--------+--------+-----+--------+
         Total |   2618 |   2542 |     76 |    568 |   1528 |   3 |  872.7 |
       Dungeon |   2618 |   2542 |     76 |    568 |   1528 |   3 |  872.7 |
               +--------+--------+--------+--------+--------+-----+--------+

Top non-repeatable levels by time:
     D:1: 962 daAuts
     D:2: 870 daAuts
     D:3: 786 daAuts
